 Dungeon Crawl Stone Soup version 0.22-a0-348-gd16d139 (webtiles) character file.

277 JeffiDaFish the Digger (level 6, -4/34 HPs)
             Began as a Gargoyle Earth Elementalist on Apr 8, 2018.
             Slain by a mummy (14 damage)
             ... in an ossuary.
             The game lasted 00:07:32 (3955 turns).

JeffiDaFish the Digger (GrEE)                       Turns: 3955, Time: 00:07:33

Health: -4/34      AC:  7    Str: 11    XL:     6   Next: 25%
Magic:  2/10       EV: 12    Int: 18    God:
Gold:   228        SH:  0    Dex: 10    Spells: 2/11 levels left

rFire    . . .     SeeInvis +   e - +3 dagger (elec)
rCold    . . .     Gourm    .   (no shield)
rNeg     + . .     Faith    .   c - +1 robe
rPois    ∞         Spirit   .   (no helmet)
rElec    +         Reflect  .   (no cloak)
rCorr    .         Harm     .   (no gloves)
MR       .....     Rnd*Tele +   (no boots)
Stlth    ++........             (no amulet)
HPRegen  0.11/turn              g - ring of see invisible
MPRegen  0.12/turn              n - ring of teleportation

@: no status effects
A: negative energy resistance 1, electricity resistance, unbreathing,
petrification resistance, rot immunity, AC +4
a: no special abilities


You were in an ossuary.
You were hungry.

You visited 1 branch of the dungeon, and saw 4 of its levels.
You also visited: Ossuary.

You collected 228 gold pieces.

Inventory:

Hand Weapons
 e - a +3 dagger of electrocution (weapon)
Missiles
 b - 156 stones (quivered)
Armour
 c - a +1 robe (worn)
 i - a +0 buckler
Jewellery
 g - a ring of see invisible (left hand)
 k - an uncursed ring of stealth
 n - a ring of teleportation (right hand)
Scrolls
 f - 2 scrolls of teleportation
 h - 2 scrolls of identify
 j - a scroll of fear
Potions
 a - 2 potions of ambrosia
Comestibles
 d - 7 rations


   Skills:
 + Level 1.5 Fighting
 + Level 2.0 Short Blades
 + Level 2.3 Dodging
 + Level 3.3 Stealth
 + Level 0.4 Unarmed Combat
 + Level 3.0 Spellcasting
 + Level 0.4 Conjurations
   Level 0.7 Transmutations
 + Level 5.2 Earth Magic


You had 2 spell levels left.
You knew the following spells:

 Your Spells              Type           Power        Failure   Level  Hunger
a - Sandblast             Erth           ###...       1%          1    None
b - Stone Arrow           Conj/Erth      ##....       16%         3    ###....
c - Lee's Rapid Deconstr  Erth           ###.......   45%         5    ######.


Dungeon Overview and Level Annotations

Branches:
Dungeon (4/15)
 Temple: D:4-7

Altars:
Nemelex Xobeh
Qazlal
Uskayaw


Innate Abilities, Weirdness & Mutations

You are resistant to torment.
Your stone body is resilient. (AC +4)
You are immune to poison.
You resist negative energy. (rN+)
You are resistant to electric shocks. (rElec)
You can survive without breathing.
You are immune to petrification.
You are immune to rotting.


Message History

Press: ? - help, Shift-Dir - straight line, f/p - mummy
Aim: a mummy (moderately damaged)
The blast of sand hits the mummy.
The mummy is heavily damaged.
b - 157 stones
Casting: Sandblast (safe; 1% risk of failure)
Confirm with . or Enter, or press ? or * to list all spells.
You don't have enough magic to cast that spell.
Casting: Sandblast (safe; 1% risk of failure)
Confirm with . or Enter, or press ? or * to list all spells.
Aiming: Sandblast (safe; 1% risk of failure)
Press: ? - help, Shift-Dir - straight line, f/p - mummy
Aim: a mummy (heavily damaged)
The blast of sand hits the mummy.
The mummy is severely damaged.
b - 156 stones The mummy hits you!
* * * LOW HITPOINT WARNING * * *
The mummy hits you!
You die...

##### #..∩#
## #.@.# ..
#M.M#
#.##Z##'##'
+...M..≈.M..
#'#+#+#+#+#.
#


You could see 3 mummies and an adder zombie.

Vanquished Creatures
  A gnoll shaman (D:3)
  2 orc priests (D:3)
  A mummy (Ossuary)
  4 adders
  3 gnolls (D:3)
  3 oozes
  A worm (D:2)
  2 dart slugs (D:3)
  A leopard gecko (D:2)
  8 orcs (D:3)
  A giant cockroach (D:1)
  14 goblins
  14 hobgoblins
  2 jackals (D:3)
  10 bats
  5 frilled lizards
  7 kobolds
  6 rats
85 creatures vanquished.

Notes
Turn   | Place    | Note
-------+----------+-------------------------------------------
     0 | D:1      | JeffiDaFish the Gargoyle Earth Elementalist began the quest for the Orb.
     0 | D:1      | Reached XP level 1. HP: 10/10 MP: 3/3
   302 | D:1      | Reached skill level 4 in Earth Magic
   306 | D:1      | Reached XP level 2. HP: 10/15 MP: 0/5
   638 | D:1      | Reached XP level 3. HP: 14/19 MP: 6/6
  1232 | D:2      | Learned a level 3 spell: Stone Arrow
  1987 | D:2      | Reached XP level 4. HP: 23/24 MP: 7/7
  2084 | D:2      | Found a faded altar of an unknown god.
  2139 | D:2      | You fall through a shaft!
  2732 | D:3      | Reached skill level 1 in Short Blades
  2732 | D:3      | Reached XP level 5. HP: 28/28 MP: 3/8
  2886 | D:3      | Found a hide-covered altar of Uskayaw.
  2893 | D:3      | Reached skill level 5 in Earth Magic
  2963 | D:3      | Reached skill level 1 in Fighting
  2978 | D:3      | Reached XP level 6. HP: 16/34 MP: 1/10
  3346 | D:3      | Found a stormy altar of Qazlal.
  3765 | D:4      | Learned a level 5 spell: Lee's Rapid Deconstruction
  3806 | D:4      | Found a sparkling altar of Nemelex Xobeh.
  3925 | D:4      | Found a sand-covered staircase.
  3934 | Ossuary  | Entered an ossuary
  3955 | Ossuary  | Slain by a mummy

Vault maps used:
D:1:      dpeg_arrival_circle_labyrinth_b
D:2:      cheibrodos_old_hovel, serial_co_window_serial, co_window_corner_a,
          co_window_corner_a, co_window_paths_b, co_window_paths_a,
          co_window_paths_b, co_window_paths_b, co_window_of_opportunity_a,
          co_window_unsneaky_path_c, co_window_broadway_c, co_window_corner_cb,
          glass_columns_a, chequers_ecumenical_altar_grove
D:3:      cheibrodos_greedy_goblins, eat_drink_and_be_merry_uskayaw,
          overflow_temple_1_default, st_stairs_5
D:4:      kennysheep_mini, first_ration, nicolae_ossuary_entry_plus,
          kennysheep_generic_room_7, uniq_eustachio
Ossuary:  ossuary_zaba_flooded

Skill      XL: |  1  2  3  4  5  6 |
---------------+-------------------+-----
Earth Magic    | 4 5 |  5.2
Dodging        | 2 |  2.3
Stealth        | 3 |  3.3
Short Blades   | 1 2 |  2.0
Fighting       | 1 |  1.5
Spellcasting   | 3 |  3.0
Unarmed Combat | |  0.4
Conjurations   | |  0.4
Transmutations | |  0.7

Action                   |  1- 3 |  4- 6 || total
-------------------------+-------+-------++-------
Melee: Unarmed           |    12 |       ||    12
       Dagger            |    54 |   118 ||   172
 Cast: Sandblast         |    13 |    19 ||    32
       Stone Arrow       |     3 |     3 ||     6
  Use: Scroll            |     5 |     8 ||    13
       Potion            |     2 |     6 ||     8
 Stab: Sleeping          |     4 |     1 ||     5
       Distracted        |     1 |       ||     1
  Eat: Chunk             |     4 |     6 ||    10
Armor: Robe              |    24 |    32 ||    56
Dodge: Dodged            |    35 |    65 ||   100

Table legend:
 A = Spawn XP
 B = Non-spawn XP
 C = Spawn XP percentage of total XP
 D = Spawn monster count
 E = Non-spawn monster count
 F = Spawn count percentage of total count
 G = Total turns spent on level
                    A         B        C        D         E        F      G
               +---------+---------+-------+---------+---------+-------+---------
         Total |       0 |     396 |   0.0 |       0 |      85 |   0.0 |  3955
               +---------+---------+-------+---------+---------+-------+---------
           D:1 |       0 |      40 |   0.0 |       0 |      21 |   0.0 |  1211
           D:2 |       0 |      46 |   0.0 |       0 |      13 |   0.0 |  1288
           D:3 |       0 |     279 |   0.0 |       0 |      49 |   0.0 |  1149
           D:4 |       0 |      13 |   0.0 |       0 |       1 |   0.0 |   286
       Ossuary |       0 |      18 |   0.0 |       0 |       1 |   0.0 |    21
               +---------+---------+-------+---------+---------+-------+---------
